 Dungeon Crawl Stone Soup version 0.26-a0-597-gb535b0901c (webtiles) character file.

Game seed: 780340990109691334

8491 Lanoc the Carver (level 11, -9/97 HPs)
             Began as a Purple Draconian Monk on Sept 4, 2020.
             Was a High Priest of Zin.
             Mangled by a freezing wraith (13 damage)
             ... led by a death knight
             ... on level 11 of the Dungeon.
             The game lasted 00:20:02 (12975 turns).

Lanoc the Carver (Purple Draconian Monk)           Turns: 12975, Time: 00:20:03

Health: -9/97      AC:  8    Str: 14    XL:     11   Next: 10%
Magic:  17/17      EV: 19    Int: 11    God:    Zin [*****.]
Gold:   666        SH:  5    Dex: 25    Spells: 10/10 levels left

rFire    . . .     SeeInvis .   a - +10 great sword of Grandeur {vorpal, Dex+3}
rCold    . . .     Faith    .   (shield currently unavailable)
rNeg     . . .     Spirit   .   (armour unavailable)
rPois    .         Reflect  +   (helmet restricted)
rElec    .         Harm     .   u - scarf {+Inv}
rCorr    .                      m - +0 pair of gloves
MR       ++...                  (no boots)
Stlth    +++.......             n - amulet of reflection
HPRegen  0.26/turn              w - ring of protection from magic
MPRegen  0.15/turn              c - +6 ring of dexterity

@: slowed, very slow
A: breathe power, unfitting armour, cold-blooded, AC +7
a: Breathe Dispelling Energy, Recite, Vitalisation, Imprison, Sanctuary, Donate
Gold, Renounce Religion, Evoke Invisibility


You were on level 11 of the Dungeon.
You worshipped Zin.
Zin was extremely pleased with you.
You visited 2 branches of the dungeon, and saw 12 of its levels.

You collected 770 gold pieces.
You spent 30 gold pieces at shops.
You donated 74 gold pieces to Zin.

Inventory:

Hand Weapons
 a - the +10 great sword of Grandeur (weapon) {vorpal, Dex+3}
   (You took it off an orc on level 9 of the Dungeon)

   It inflicts extra damage upon your enemies.
   It affects your dexterity (+3).
 b - a +0 scimitar
Missiles
 C - 2 curare-tipped darts (quivered)
Armour
 m - a +0 pair of gloves (worn)
 u - a scarf of invisibility (worn)
Jewellery
 c - a +6 ring of dexterity (right hand)
 k - an uncursed ring of positive energy
 n - an amulet of reflection (around neck)
 w - a ring of protection from magic (left hand)
 B - an uncursed ring of poison resistance
Wands
 g - a wand of iceblast (37)
 s - a wand of disintegration (18)
 v - a wand of digging (6)
 y - a wand of paralysis (28)
Scrolls
 d - 6 scrolls of magic mapping
 f - a scroll of fog
 h - 2 scrolls of teleportation
 i - 2 scrolls of fear
 j - 2 scrolls of identify
 o - 5 scrolls of amnesia
 q - 3 scrolls of remove curse
 r - 2 scrolls of enchant armour
 x - 4 scrolls of brand weapon
Potions
 e - 2 potions of haste
 l - 3 potions of brilliance
 p - a potion of curing
 t - 3 potions of flight
 z - a potion of magic
 A - a potion of heal wounds


   Skills:
 + Level 9.0 Fighting
 * Level 11.2 Long Blades
 + Level 7.5 Dodging
 - Level 1.7 Stealth
 * Level 8.9 Invocations


You had 10 spell levels left.
You didn't know any spells.
Your spell library contained the following spells:

 Spells                   Type           Power        Failure   Level
 Apportation              Tloc           #.....       34%         1
 Summon Small Mammal      Summ           #...         34%         1
 Call Imp                 Summ           #.......     47%         2
 Poisonous Vapours        Pois/Air       #.....       47%         2
 Call Canine Familiar     Summ           #.......     71%         3
 Confusing Touch          Hex            #.......     71%         3
 Conjure Flame            Conj/Fire      #.......     71%         3
 Gell's Gravitas          Tloc           #.........   71%         3
 Lesser Beckoning         Tloc           #.........   71%         3
 Mephitic Cloud           Conj/Pois/Air  #.......     71%         3
 Summon Guardian Golem    Hex/Summ       #.......     71%         3
 Tukima's Dance           Hex            #.......     71%         3
 Petrify                  Tmut/Erth      #.......     98%         4
 Summon Ice Beast         Ice/Summ       #.......     98%         4
 Summon Lightning Spire   Summ/Air       #.......     98%         4
 Alistair's Intoxication  Tmut/Pois      #........    100%        5
 Metabolic Englaciation   Hex/Ice        #.........   100%        5
 Yara's Violent Unravell  Hex/Tmut       #.........   100%        5
 Freezing Cloud           Conj/Ice/Air   #.........   100%        6
 Invisibility             Hex            #.......     100%        6


Dungeon Overview and Level Annotations

Branches:
Dungeon (11/15)            Temple (1/1) D:6            Lair (0/6) D:10
    Orc (0/2) D:10

Altars:
Ashenzari
Cheibriados
Dithmenos
Elyvilon
Fedhas
Gozag
Hepliaklqana
Kikubaaqudgha
Makhleb
Nemelex Xobeh
Okawaru
Ru
Sif Muna
Uskayaw
Vehumet
Wu Jian
Xom
Yredelemnul
Zin
The Shining One

Shops:
D:4 *

Annotations:
D:11 1 runed translucent door, braks's ghost, journeyman DsGl


Innate Abilities, Weirdness & Mutations

You can breathe bolts of dispelling energy.
Your rich purple scales are hard. (AC +7)
You cannot fit into any form of body armour.
You are cold-blooded and may be slowed by cold attacks.


Message History

The freezing wraith misses you. The freezing wraith hits you!
* * * LOW HITPOINT WARNING * * *
The freezing wraith drains your vigour!
You feel yourself slow down.
You hit the freezing wraith.
The freezing wraith is severely damaged.
The freezing wraith hits you but does no damage.
You block the freezing wraith's attack. The freezing wraith hits you.
* * * LOW HITPOINT WARNING * * *
The freezing wraith freezes you!
You feel as though you will be slow longer.
* * * LOW HITPOINT WARNING * * *
The freezing wraith completely misses you.
You hit the freezing wraith.
The freezing wraith is almost destroyed.
The freezing wraith barely misses you. The freezing wraith misses you.
The freezing wraith hits you.
* * * LOW HITPOINT WARNING * * *
The freezing wraith freezes you!
You feel as though you will be slow longer.
You die...

#z# #.... #.# ####.
#.# ## #)# #
##.#######
#.........
#..#######. #######
#.W# #.##......
#.@# #.##.#####
#..### #.##.#
##....#####.##.####
#.........#.##....#
#.#######.#.#####.#
#.# #.#.......# #.#
#.#..###### #.#
#..<.# #.# #.##)#


You could see a freezing wraith (corona).

Vanquished Creatures
  A two-headed ogre (D:10)
  An ugly thing (D:11)
  A freezing wraith (D:11)
  2 hippogriffs
  5 yaks
  A shadow (D:11)
  Grum (D:8)
  A soldier ant (D:11)
  8 orc warriors
  3 ice beasts
  3 sky beasts
  4 phantoms
  3 centaurs
  4 wolves (D:8)
  4 ogres
  6 bullfrogs
  A wyvern zombie (D:8)
  2 big kobolds (D:10)
  A water moccasin skeleton (D:8)
  3 scorpions
  4 wights (D:11)
  6 howler monkeys
  A centaur zombie (D:6)
  6 hounds
  2 quasits
  2 jellies
  A bullfrog zombie (D:6)
  7 orc priests
  4 iguanas
  13 orc wizards
  3 centaur skeletons
  12 worker ants
  A hound zombie (D:5)
  3 gnolls (D:11)
  16 adders
  A shadow imp (D:6)
  3 white imps
  An ufetubus (D:7)
  4 oozes
  2 adder skeletons
  A dart slug (D:3)
  3 leopard geckos
  49 orcs
  A ball python (D:3)
  4 bats
  3 giant cockroaches
  3 goblins (D:3)
  2 hobgoblins (D:3)
  12 jackals
  17 kobolds
  2 quokkas
  2 frilled lizards
  A quokka skeleton (D:8)
  A quokka zombie (D:5)
  A rat (D:3)
249 creatures vanquished.

Notes
Turn   | Place    | Note
-------+----------+-------------------------------------------
     0 | D:1      | Lanoc the Draconian Monk began the quest for the Orb.
     0 | D:1      | Reached XP level 1. HP: 19/19 MP: 1/1
   150 | D:2      | Reached XP level 2. HP: 26/26 MP: 2/2
   310 | D:3      | Reached XP level 3. HP: 31/31 MP: 3/3
   714 | D:3      | Reached skill level 4 in Long Blades
   740 | D:3      | Reached XP level 4. HP: 35/40 MP: 4/4
  1052 | D:3      | Found a hazy altar of Hepliaklqana.
  1825 | D:4      | Found a shimmering blue altar of Sif Muna.
  1909 | D:4      | Reached XP level 5. HP: 39/46 MP: 5/5
  1925 | D:4      | Found Yhecrio's General Store.
  1959 | D:4      | Bought a scroll of teleportation for 30 gold pieces
  2051 | D:4      | Reached skill level 5 in Long Blades
  2072 | D:4      | Reached XP level 6. HP: 34/53 MP: 6/6
  2980 | D:5      | Entered Level 5 of the Dungeon
  3157 | D:5      | Reached skill level 5 in Fighting
  3164 | D:5      | Reached skill level 6 in Long Blades
  3167 | D:5      | Your scales start taking on a rich purple colour.
  3167 | D:5      | Reached XP level 7. HP: 28/61 MP: 7/7
  4167 | D:5      | Found an iron altar of Okawaru.
  4412 | D:6      | Reached skill level 7 in Long Blades
  4588 | D:6      | Reached skill level 5 in Dodging
  4619 | D:6      | Found a white marble altar of Elyvilon.
  4627 | D:6      | Reached XP level 8. HP: 70/70 MP: 8/8
  4767 | D:6      | Found a staircase to the Ecumenical Temple.
  4776 | Temple   | Entered the Ecumenical Temple
  4900 | Temple   | HP: 4/105 [orc warrior/+0 scimitar (13)]
  5405 | Temple   | Became a worshipper of Zin the Law-Giver
  5405 | Temple   | Reached * piety under Zin
  5405 | Temple   | Reached ** piety under Zin
  5405 | Temple   | Reached *** piety under Zin
  5474 | D:6      | Found a shadowy altar of Dithmenos.
  5478 | D:6      | Reached skill level 1 in Invocations
  5704 | D:6      | Found a glowing golden altar of the Shining One.
  5932 | D:7      | Reached skill level 8 in Long Blades
  5956 | D:7      | HP: 1/71 [iguana (7)]
  6534 | D:7      | Found a burning altar of Makhleb.
  6581 | D:8      | Noticed a hippogriff
  6593 | D:8      | Noticed a two-headed ogre
  6642 | D:7      | Reached XP level 9. HP: 28/78 MP: 11/11
  7879 | D:9      | Reached skill level 9 in Long Blades
  7894 | D:9      | Reached skill level 5 in Invocations
  8362 | D:8      | Reached **** piety under Zin
  8397 | D:8      | Noticed Grum
  8433 | D:8      | Killed Grum
  8750 | D:8      | Reached XP level 10. HP: 82/88 MP: 14/14
  9339 | D:8      | Reached skill level 10 in Long Blades
  9607 | D:9      | Identified the +10 great sword of Grandeur {vorpal, Dex+3}
  9611 | D:9      | Reached ***** piety under Zin
 10722 | D:10     | Entered Level 10 of the Dungeon
 10796 | D:10     | Noticed a two-headed ogre
 11118 | D:11     | Noticed a death knight
 11287 | D:11     | Noticed a cyan ugly thing
 11302 | D:11     | Killed a cyan ugly thing
 11883 | D:10     | Found a staircase to the Lair.
 12265 | D:10     | Found a staircase to the Orcish Mines.
 12427 | D:10     | Killed a two-headed ogre
 12427 | D:10     | Reached skill level 11 in Long Blades
 12427 | D:10     | Reached XP level 11. HP: 95/95 MP: 17/17
 12888 | D:11     | Noticed braks's ghost (journeyman DsGl)
 12890 | D:11     | Found a runed translucent door.
 12975 | D:11     | HP: 4/97 [freezing wraith[a death knight] (5)]
 12975 | D:11     | Mangled by a freezing wraith

Illustrated notes

Levels and vault maps discovered:
D:1:      lemuel_arrival_muddy, layout_basic
D:2:      layout_basic, nicolae_overflow_crystal_walls, grunt_qazlal_clouds
D:3:      layout_basic, old_standard_altar, chequers_serial_rivers_small_b
D:4:      layout_basic, lemuel_round_altar, serial_shops, kennysheep_mini,
          serial_curves, eino_curves_02, eino_curves_04
D:5:      layout_basic, lemuel_doored_altar
D:6:      layout_cave_pools, nicolae_dithmenos_the_darkroom, elyvilon_altar_5,
          lemuel_round_altar, minmay_temple_entry_mini_moons
D:7:      layout_rooms, lemuel_round_altar
D:8:      layout_loops_cross, kennysheep_generic_room_7, uniq_grum
D:9:      layout_layer_cave, serial_park_tiny_1
D:10:     layout_loops_corners, lair_entry_dummy, david_orc_3,
          wad_floor_pattern_1
D:11:     layout_loops_ring, gammafunk_ghost_grave
Temple:   nicolae_temple_figure_eight

Skill      XL: |  1  2  3  4  5  6  7  8  9 10 11 |
---------------+----------------------------------+-----
Dodging        | 3 4 5 6 7 |  7.5
Long Blades    | 4 5 6 7 8 9 11 | 11.2
Fighting       | 4 5 6 7 8 9 |  9.0
Invocations    | 3 6 8 |  8.9
Stealth        | |  1.7

Action                   |  1- 3 |  4- 6 |  7- 9 | 10-12 || total
-------------------------+-------+-------+-------+-------++-------
Melee: Falchion          |    79 |   148 |   134 |       ||   361
       Tailslap          |    12 |    45 |    93 |    57 ||   207
       Scimitar          |       |       |   262 |    38 ||   300
       Great sword       |       |       |       |   137 ||   137
       Long sword        |       |       |       |    64 ||    64
Throw: Dart              |       |       |       |     2 ||     2
Invok: Recite            |       |       |    15 |    20 ||    35
 Abil: Breathe Dispellin |       |       |    12 |       ||    12
  Use: Potion            |       |     2 |     7 |     1 ||    10
       Scroll            |       |       |    15 |     6 ||    21
 Stab: Sleeping          |     3 |     2 |     5 |     4 ||    14
       Distracted        |       |       |     1 |     3 ||     4
       Invisible         |       |       |     1 |     7 ||     8
       Confused          |       |       |     1 |     1 ||     2
       Paralysed         |       |       |       |     2 ||     2
Armor: Skin              |    15 |    53 |    79 |    50 ||   197
Dodge: Dodged            |    55 |   130 |   290 |   195 ||   670
Block: Other             |       |       |    82 |    43 ||   125
       Reflection        |       |       |       |     1 ||     1
       Rpst.: Falchion   |    14 |    44 |    34 |       ||    92
       Scimitar          |       |       |    59 |    12 ||    71
       Great sword       |       |       |       |    27 ||    27
       Long sword        |       |       |       |    16 ||    16

Table legend: (Time is in decaauts)
 A = Elapsed time spent in this place.
 B = Non-inter-level travel time spent in this place.
 C = Inter-level travel time spent in this place.
 D = Time resting spent in this place.
 E = Time spent auto-exploring this place.
 F = Levels seen in this place.
 G = Mean time per level.
                   A        B        C        D        E       F      G
               +--------+--------+--------+--------+--------+-----+--------+
         Total |  12980 |  12686 |    294 |   1476 |   8652 |  12 | 1081.7 |
       Dungeon |  12343 |  12075 |    268 |   1446 |   8203 |  11 | 1122.1 |
        Temple |    637 |    611 |     26 |     30 |    449 |   1 |  637.0 |
               +--------+--------+--------+--------+--------+-----+--------+

Top non-repeatable levels by time:
     D:8: 1826 daAuts
     D:9: 1825 daAuts
     D:4: 1553 daAuts
     D:7: 1484 daAuts
     D:5: 1294 daAuts
     D:3: 1248 daAuts
    D:11: 1029 daAuts
     D:6: 951 daAuts
    D:10: 935 daAuts
  Temple: 637 daAuts
     D:1: 118 daAuts
     D:2: 76 daAuts
